 Dungeon Crawl Stone Soup version 0.31-a0-700-gf13585253f (webtiles) character file.

Game seed: 3542807953036035943

123 qw the Shooter (level 5, 0/32 HPs)
             Began as a Gargoyle Hunter on Sept 7, 2023.
             Slain by a black bear (2 damage)
             ... on level 3 of the Dungeon.
             The game lasted 00:00:41 (1946 turns).

qw the Shooter (Gargoyle Hunter)                    Turns: 1946, Time: 00:00:42

Health: 0/32       AC: 13    Str: 14    XL:     5   Next: 7%
Magic:  5/5        EV: 16    Int: 10    God:
Gold:   122        SH:  0    Dex: 15    Spells: 4/4 levels left

rFire   . . .        Y - +3 shortbow
rCold   . . .        (shield currently unavailable)
rNeg    + . .        c - +0 leather armour
rPois   inf          (no helmet)
rElec   +            k - +0 cloak
rCorr   .            n - +0 pair of gloves
SInv    .            (no boots)
Will    .....        (no amulet)
Stlth   ++           e - +4 ring of protection
HPRegen 0.25/turn    m - +5 ring of evasion
MPRegen 0.09/turn

%: no passive effects
@: no status effects
A: sickness immunity, AC +4, negative energy resistance 1, electricity
resistance, torment resistance 1, petrification resistance
a: no special abilities


You were on level 3 of the Dungeon.
You visited 1 branch of the dungeon, and saw 3 of its levels.

You collected 122 gold pieces.


Innate Abilities, Weirdness & Mutations

You are immune to sickness and miasma.
Your stone body is resilient. (AC +4)
You are immune to poison.
You resist negative energy. (rN+)
You are resistant to electric shocks. (rElec)
You are resistant to unholy torment.
You are immune to petrification.


   Skills:
 - Level 3.0 Fighting
 + Level 5.7 Ranged Weapons
 - Level 1.0 Armour
 - Level 1.5 Dodging
 - Level 1.1 Stealth


You had 4 spell levels left.
You didn't know any spells.
Your spell library was empty.

Inventory:

Hand Weapons
 Y - a +3 shortbow (weapon)
Armour
 b - a +0 pair of boots
 c - a +0 leather armour (worn)
 k - a +0 cloak (worn)
 n - a +0 pair of gloves (worn)
Jewellery
 e - a +4 ring of protection (left hand)
 m - a +5 ring of evasion (right hand)
Scrolls
 j - a scroll of identify
Potions
 a - 2 potions of curing
 d - a potion of haste
 f - a potion of degeneration {unknown}
 g - a potion of might {unknown}
 h - a potion of enlightenment {unknown}
 i - a potion of invisibility {unknown}

Dungeon Overview and Level Annotations

Branches:
Dungeon (3/15)

Altars:

Shops:
D:2 :

Annotations:
D:3 Ijyb


Message History

You shoot an arrow. The arrow hits the black bear.
The black bear is severely wounded.
Ijyb misses you. The grasping roots constrict you.
The black bear goes berserk!
The grasping roots release their grip on you.
Enter note:
Enter note:
1943 |||
Found retreat position at 3,-1 (floor) with 0 blocking monsters and 1 monsters attacking at destination at distance 3
1943 ||| Stepping ~*~*~tactically~*~*~ (retreating).
Ijyb zaps a wand.
The roots erupt in riotous growth!
The black bear is unaffected.
Ijyb is unaffected.
The grasping roots grab you! The grasping roots constrict you.
The black bear barely misses you. The black bear claws you.
The black bear claws you but does no damage.
You see here a +0 mace.
You shoot an arrow.
The arrow hits the black bear but does no damage.
The black bear is severely wounded.
The black bear closely misses you. The black bear claws you.
The black bear completely misses you. The grasping roots constrict you.
The black bear bites you but does no damage.
The black bear misses you. The black bear completely misses you.
You shoot an arrow.
The arrow closely misses the black bear.
Ijyb completely misses you. The grasping roots constrict you.
The black bear barely misses you.
The black bear claws you but does no damage.
The black bear barely misses you. Ijyb barely misses you.
The grasping roots constrict you.
The grasping roots release their grip on you.
Enter note:
Enter note:
1946 |||
Found retreat position at 2,-1 (floor) with 0 blocking monsters and 1 monsters attacking at destination at distance 2
1946 ||| Stepping ~*~*~tactically~*~*~ (retreating).
The black bear attacks as it pursues you!
The black bear barely misses you.
The black bear claws you but does no damage.
The black bear misses you. The black bear closely misses you. x2
The black bear claws you.
You die...

....##...........##
#####.#.......###.#
)..#.....##### #.# .
#.#..##...# #.# ..
#...#####.## #.### ...
#.#..####..####.... ....
...#..........######
.....#######.##........##
# #.....h@###......#..##
# ###..g......%....##..#
# #...........######.###
#...........# #..##
#...........# ##.##
#...........# #####.##
#...........# #.......
#...........# #.###.##
#...........# #.....#


You could see a black bear (berserk) and Ijyb.

Vanquished Creatures
  A jelly (D:2)
  3 adders (D:3)
  A gnoll (D:1)
  A worm (D:2)
  2 dart slugs (D:2)
  9 ball pythons
  3 bats
  5 endoplasms
  A giant cockroach (D:1)
  6 goblins
  4 hobgoblins
  A jackal (D:3)
  2 kobolds
  2 quokkas (D:2)
  2 frilled lizards (D:1)
  6 rats
49 creatures vanquished.

Notes
Turn   | Place    | Note
-------+----------+-------------------------------------------
     0 | D:1      | qw the Gargoyle Hunter began the quest for the Orb.
     0 | D:1      | Reached XP level 1. HP: 12/12 MP: 1/1
     0 | D:1      | 0 ||| qw: Version: 0.3-a-76-g4403597
     0 | D:1      | 0 ||| qw: Game counter: 545
     0 | D:1      | 0 ||| qw: Melee chars always use a shield: true
     0 | D:1      | 0 ||| qw: God list: Okawaru
     0 | D:1      | 0 ||| qw: Allow faded altars: false
     0 | D:1      | 0 ||| qw: Do Orc after clearing Dungeon:15 true
     0 | D:1      | 0 ||| qw: Do second Lair branch before Depths: true
     0 | D:1      | 0 ||| qw: Lair rune preference: random
     0 | D:1      | 0 ||| qw: Goals: Normal
     0 | D:1      | 0 ||| PLANNING D:1-11
   232 | D:1      | Reached XP level 2. HP: 17/17 MP: 2/2
   671 | D:1      | Reached skill level 5 in Ranged Weapons
   671 | D:1      | Reached XP level 3. HP: 6/21 MP: 3/3
   921 | D:1      | 921 ||| UPGRADING to +4 ring of protection.
   922 | D:1      | 922 ||| READING scroll labelled SAFIZECWEO.
   923 | D:1      | 923 ||| READING scroll labelled JEXKIB LARCH.
   924 | D:1      | 924 ||| READING scroll labelled MATUHA COTAYCO.
   925 | D:1      | 925 ||| DRINKING 2 fuming green potions.
   926 | D:1      | 926 ||| DROPPING scroll of butterflies.
   994 | D:2      | 994 ||| READING scroll of enchant weapon.
   994 | D:2      | 994 ||| ENCHANTING +1 shortbow.
  1153 | D:2      | Found Mesoxi Xoim's Book Shoppe.
  1153 | D:2      | Noticed a walking earthen tome
  1154 | D:2      | Noticed a walking divine tome
  1372 | D:2      | Reached skill level 3 in Fighting
  1381 | D:2      | Reached XP level 4. HP: 28/28 MP: 4/4
  1604 | D:2      | 1604 ||| UPGRADING to +0 cloak.
  1609 | D:2      | 1609 ||| UPGRADING to +0 pair of gloves.
  1614 | D:2      | 1614 ||| UPGRADING to +5 ring of evasion.
  1615 | D:2      | 1615 ||| READING scroll labelled DOIRCHU FEVIB.
  1616 | D:2      | 1616 ||| READING scroll labelled FIROTE LOAL.
  1617 | D:2      | 1617 ||| READING scroll labelled JUNAQYCRUCA.
  1620 | D:2      | 1620 ||| READING scroll labelled ZIDOMYEXZE.
  1621 | D:2      | 1621 ||| DRINKING 3 grey potions.
  1622 | D:2      | 1622 ||| DRINKING 2 viscous black potions.
  1623 | D:2      | 1623 ||| DROPPING potion of brilliance.
  1660 | D:3      | Reached skill level 1 in Armour
  1690 | D:3      | 1690 ||| READING scroll of enchant weapon.
  1690 | D:3      | 1690 ||| ENCHANTING +2 shortbow.
  1844 | D:3      | Reached XP level 5. HP: 32/32 MP: 5/5
  1923 | D:3      | Noticed Ijyb
  1935 | D:3      | Noticed a black bear
  1936 | D:3      | 1936 ||| Stepping ~*~*~tactically~*~*~ (retreating).
  1937 | D:3      | 1937 ||| Stepping ~*~*~tactically~*~*~ (retreating).
  1938 | D:3      | 1938 ||| Stepping ~*~*~tactically~*~*~ (retreating).
  1939 | D:3      | 1939 ||| Stepping ~*~*~tactically~*~*~ (retreating).
  1943 | D:3      | 1943 ||| Stepping ~*~*~tactically~*~*~ (retreating).
  1944 | D:3      | HP: 8/32 [constriction (1)]
  1945 | D:3      | HP: 2/32 [constriction (6)]
  1946 | D:3      | 1946 ||| Stepping ~*~*~tactically~*~*~ (retreating).
  1946 | D:3      | Slain by a black bear

Levels and vault maps discovered:
D:1:      minmay_arrival_wavy_path, layout_basic, dreamdust_mushroom_princess,
          dreamdust_princess_corridor, minmay_misc_feat_tower
D:2:      layout_basic, serial_shops, nicolae_shop_mannequins,
          minmay_split_cup_small
D:3:      layout_basic, minmay_checkerbox, uniq_ijyb

Skill      XL: |  1  2  3  4 |
---------------+-------------+-----
Ranged Weapons | 5 |  5.7
Fighting       | 3 |  3.0
Armour         | 1 |  1.0
Dodging        | |  1.5
Stealth        | |  1.1

Action                     |  1- 3 |  4- 6 || total
---------------------------+-------+-------++-------
   Fire: Shortbow          |    94 |    40 ||   134
    Use: Scroll            |     4 |     5 ||     9
         Potion            |     1 |     2 ||     3
 Armour: Leather armour    |    12 |    17 ||    29
  Dodge: Dodged            |    18 |    22 ||    40

Table legend:
 A = Non-vault XP
 B = Vault XP
 C = Vault XP percentage of total XP
 D = Non-vault monster count
 E = Vault monster count
 F = Vault count percentage of total count
                 A         B        C        D         E       F
            +---------+---------+-------+---------+---------+-------
      Total |     166 |      10 |   5.7 |      43 |       6 |  12.2
            +---------+---------+-------+---------+---------+-------
        D:1 |      46 |       0 |   0.0 |      20 |       0 |   0.0
        D:2 |      75 |       5 |   6.2 |      17 |       3 |  15.0
        D:3 |      45 |       5 |  10.0 |       6 |       3 |  33.3
            +---------+---------+-------+---------+---------+-------
